 Dungeon Crawl Stone Soup version 0.31-a0-1626-g5cb510d322 (webtiles) character file.

Game seed: 7777293504414595511

1381620 Drazool the Infernalist (level 27, 210/210 HPs)
             Began as a Barachi Ice Elementalist on Jan 11, 2024.
             Was a Priest of Sif Muna.
             Escaped with the Orb
             ... and 3 runes on Jan 12, 2024!
             The game lasted 08:12:58 (104348 turns).

Drazool the Infernalist (BaIE)                    Turns: 104348, Time: 08:12:58

Health: 210/210    AC: 47    Str: 25    XL:     27
Magic:  42/42      EV: 10    Int: 35    God:    Sif Muna [***...]
Gold:   6514       SH:  0    Dex: 14    Spells: 1/56 levels left

rFire   + . .        P - staff of fire {!a}
rCold   . . .        (no shield)
rNeg    . . .        R - +8 orange crystal plate armour {Archmagi, Int+3 Clar}
rPois   .            u - +2 helmet {Int+3}
rElec   .            M - +2 cloak {Will+}
rCorr   +            r - +2 pair of gloves
SInv    .            L - +2 pair of boots
Will    +++..        x - amulet of Hamucw {Acrobat Fly Regen+ rCorr Dex+2} Stlth
                     s - +8 ring of strength
HPRegen 1.35/turn    S - +6 ring of strength
MPRegen 0.28/turn

%: acrobat, clarity, archmagi
@: flying, studying 3 skills, slow
A: amphibious, slowness 1, strong legs 2, +LOS, iridescent scales 1, deformed
body
0: Orb of Zot
}: 3/15 runes: serpentine, barnacled, silver
a: Hop, Renounce Religion, Channel Magic, Forget Spell


You escaped.
You worshipped Sif Muna.
Sif Muna was most pleased with you.
You visited 11 branches of the dungeon, and saw 50 of its levels.
You also visited: Bailey.

You collected 10364 gold pieces.
You spent 3850 gold pieces at shops.


Innate Abilities, Weirdness & Mutations

You are amphibious.
You cover ground slowly.
You can hop long distances.
You have an extended range of vision and can be seen from far away.
You are partially covered in iridescent scales. (AC +2)
Armour fits poorly on your strangely shaped body.


   Skills:
 - Level 16.1 Fighting
 - Level 3.0 Staves
 - Level 22.2 Armour
 - Level 8.0 Dodging
 - Level 2.0 Stealth
 - Level 15.0 Spellcasting
 - Level 21.6 Conjurations
 - Level 4.0 Summonings
 - Level 4.0 Translocations
 O Level 27 Fire Magic
 - Level 8.0 Ice Magic
 - Level 15.2 Air Magic
 + Level 8.9 Earth Magic
 - Level 10.0 Alchemy
 - Level 16.0 Invocations
 - Level 4.0 Evocations


You had one spell level left.
You knew the following spells:

 Your Spells              Type           Power      Damage    Failure   Level
c - Freezing Cloud        Conj/Ice/Air   57%        6-21      1%          5
d - Orb of Destruction    Conj           66%        9d16      1%          7
e - Irradiate             Conj/Alch      58%        3d31      1%          5
l - Summon Lightning Spi  Summ/Air       96%        N/A       3%          4
n - Ignition              Fire           85%        3d22      1%          8
o - Ozocubu's Armour      Ice            89%        N/A       1%          3
p - Fulminant Prism       Conj/Alch      58%        3d24      1%          4
r - Frozen Ramparts       Ice            100%       1d16      1%          3
X - Iskenderun's Mystic   Conj/Tloc      100%       2d19      1%          4
Y - Plasma Beam           Fire/Air       78%        2x1d96    1%          6
Z - Bombard               Conj/Erth      58%        9d10      4%          6

Your spell library contained the following spells:

 Spells                   Type           Power      Damage    Failure   Level
 Foxfire                  Conj/Fire      100%       2x1d9     0%          1
 Magic Dart               Conj           100%       1d8       0%          1
 Shock                    Conj/Air       100%       1d9       0%          1
 Freeze                   Ice            100%       1d10      1%          1
 Kiss of Death            Conj/Necr      100%       2d13      1%          1
 Sandblast                Erth           100%       2d20      1%          1
 Sting                    Conj/Alch      100%       1d9       1%          1
 Summon Small Mammal      Summ           100%       N/A       3%          1
 Slow                     Hex            100%       N/A       17%         1
 Scorch                   Fire           100%       2d9       0%          2
 Searing Ray              Conj           100%       2d8       0%          2
 Static Discharge         Conj/Air       100%       3-8/arc   0%          2
 Flame Wave               Conj/Fire      100%       2d21      0%          4
 Cigotuvi's Dreadful Rot  Necr/Alch/Air  100%       N/A       1%          2
 Mercury Vapours          Alch/Air       100%       N/A       1%          2
 Momentum Strike          Conj/Tloc      100%       3d10      1%          2
 Dazzling Flash           Conj/Hex       100%       N/A       1%          3
 Hailstorm                Conj/Ice       100%       3d16      1%          3
 Inner Flame              Hex/Fire       100%       N/A       1%          3
 Mephitic Cloud           Conj/Alch/Air  100%       N/A       1%          3
 Passwall                 Erth           93%        N/A       1%          3
 Stone Arrow              Conj/Erth      100%       3d13      1%          3
 Swiftness                Air            100%       N/A       1%          3
 Volatile Blastmotes      Fire/Tloc      100%       2d18      1%          3
 Airstrike                Air            58%        2d(9-25)  1%          4
 Brom's Barrelling Bould  Conj/Erth      100%       2d11      1%          4
 Ignite Poison            Fire/Alch      100%       N/A       1%          4
 Sticky Flame             Fire/Alch      100%       2d15      1%          4
 Summon Blazeheart Golem  Fire/Summ      100%       N/A       1%          4
 Arcjolt                  Conj/Air       62%        1d72      1%          5
 Fireball                 Conj/Fire      82%        3d30      1%          5
 Iskenderun's Battlesphe  Conj           100%       2d15      1%          5
 Conjure Ball Lightning   Conj/Air       62%        3x3d22    1%          6
 Starburst                Conj/Fire      82%        6d21      1%          6
 Olgreb's Toxic Radiance  Alch           97%        N/A       2%          4
 Leda's Liquefaction      Alch/Erth      47%        N/A       3%          4
 Petrify                  Alch/Erth      95%        N/A       3%          4
 Vhi's Electric Charge    Tloc/Air       100%       N/A       3%          4
 Blink                    Tloc           100%       N/A       4%          2
 Call Imp                 Summ           100%       N/A       4%          2
 Ensorcelled Hibernation  Hex/Ice        100%       N/A       4%          2
 Lesser Beckoning         Tloc           100%       N/A       4%          2
 Summon Ice Beast         Ice/Summ       80%        N/A       4%          3
 Alistair's Intoxication  Alch           64%        N/A       8%          5
 Call Canine Familiar     Summ           69%        N/A       10%         3
 Gell's Gravitas          Tloc           69%        N/A       10%         3
 Teleport Other           Tloc           69%        N/A       10%         3
 Animate Armour           Summ/Erth      100%       N/A       12%         4
 Lee's Rapid Deconstruct  Erth           46%        3d22*     12%         5
 Silence                  Hex/Air        44%        N/A       22%         5
 Sublimation of Blood     Necr           39%        N/A       26%         2
 Manifold Assault         Tloc           69%        N/A       32%         4
 Passage of Golubria      Tloc           69%        N/A       32%         4
 Eringya's Noxious Bog    Alch           48%        4d6       41%         6
 Confusing Touch          Hex            39%        N/A       45%         3
 Fugue of the Fallen      Necr           39%        N/A       45%         3
 Sigil of Binding         Hex            39%        N/A       45%         3
 Vampiric Draining        Necr           39%        2d8       45%         3
 Sculpt Simulacrum        Ice/Alch       46%        N/A       54%         6
 Spellforged Servitor     Conj/Summ      54%        N/A       61%         7
 Fire Storm               Conj/Fire      82%        8d21      63%         9
 Metabolic Englaciation   Hex/Ice        34%        N/A       67%         5
 Summon Forest            Summ/Tloc      34%        N/A       67%         5
 Anguish                  Hex/Necr       19%        N/A       86%         4
 Animate Dead             Necr           39%        N/A       86%         4
 Cause Fear               Hex            19%        N/A       86%         4
 Dispel Undead            Necr           39%        3d16      86%         4
 Summon Mana Viper        Hex/Summ       57%        N/A       91%         5
 Lehudib's Crystal Spear  Conj/Erth      58%        10d13     91%         8
 Maxwell's Capacitive Co  Air            58%        ∞         91%         8
 Summon Cactus Giant      Summ           34%        N/A       99%         6
 Enfeeble                 Hex            19%        N/A       100%        7
 Haunt                    Necr/Summ      28%        N/A       100%        7
 Monstrous Menagerie      Summ           34%        N/A       100%        7
 Summon Hydra             Summ           34%        N/A       100%        7
 Discord                  Hex            19%        N/A       100%        8
 Disjunction              Tloc           34%        N/A       100%        8
 Infestation              Necr           19%        N/A       100%        8
 Chain Lightning          Conj/Air       62%        3d83      100%        9
 Dragon's Call            Summ           34%        N/A       100%        9
 Shatter                  Erth           46%        3d36*     100%        9

Inventory:

Hand Weapons
 o - the +7 trident "Frog's Bane" {spect, Dex+5}
   (You found it on level 3 of the Dungeon)

   Dex+5:     It affects your dexterity (+5).
Missiles
 G - 11 silver javelins
 Z - 7 throwing nets {=f}
Armour
 r - a +2 pair of gloves (worn)
 u - a +2 helmet of intelligence (worn)
 L - a +2 pair of boots (worn)
 M - a +2 cloak of willpower (worn)
 R - the +8 orange crystal plate armour (worn) {Archmagi, Int+3 Clar}
   (You took it off a skeletal warrior on level 14 of the Dungeon)

   Int+3:     It affects your intelligence (+3).
   Clar:      It protects you from confusion, rage, mesmerisation and fear.
 Y - a +1 scale mail of fire resistance
Magical Staves
 b - a staff of conjuration {!a}
 d - a staff of cold {!a}
 P - a staff of fire (weapon) {!a}
Jewellery
 s - a +8 ring of strength (left hand)
 x - the amulet of Hamucw (around neck) {Acrobat Fly Regen+ rCorr Dex+2}
   (You found it on level 4 of the Dungeon)

   [amulet of the acrobat]

   Acrobat:   It increases your evasion while moving and waiting.
   Dex+2:     It affects your dexterity (+2).
   Fly:       It grants you flight.
   Regen+:    It increases your rate of health regeneration.
   rCorr:     It protects you from acid and corrosion.
 H - the ring of Hivigh {rF- AC+4 Str+5 Int+4 SInv}
   (You found it on level 9 of the Dungeon)

   [ring of protection]

   AC+4:      It affects your AC (+4).
   Str+5:     It affects your strength (+5).
   Int+4:     It affects your intelligence (+4).
   rF-:       It makes you vulnerable to fire.
   SInv:      It lets you see invisible.
 I - a +9 ring of intelligence
 S - a +6 ring of strength (right hand)
 W - a ring of willpower
Wands
 a - a wand of charming (36)
 t - a wand of polymorph (40)
 v - a wand of acid (21)
 K - a wand of flame (98)
 N - a wand of roots (32)
 T - a wand of mindburst (37)
Scrolls
 f - 7 scrolls of teleportation {@r2}
 h - a scroll of blinking
 j - 12 scrolls of amnesia
 l - 11 scrolls of fog
 m - 7 scrolls of immolation
 E - 4 scrolls of poison
 J - 7 scrolls of fear
 O - 3 scrolls of summoning
 Q - 3 scrolls of silence {!r}
 V - a scroll of revelation
Potions
 c - 3 potions of haste {@q3}
 e - 5 potions of berserk rage {!q}
 k - 6 potions of attraction
 n - 15 potions of curing {@q1}
 p - 6 potions of invisibility
 q - 6 potions of heal wounds {@q2}
 z - 7 potions of enlightenment
 A - 4 potions of magic
 B - 3 potions of brilliance
 D - 4 potions of resistance
 U - 3 potions of lignification
 X - 8 potions of might
Miscellaneous
 i - a lightning rod (4/4)
 w - a phial of floods
 C - a box of beasts
 F - a phantom mirror

Dungeon Overview and Level Annotations

Branches:
Dungeon (15/15)            Temple (1/1) D:6            Lair (5/5) D:9
 Shoals (4/4) Lair:3        Snake (4/4) Lair:3        Slime (0/5) Lair:5
    Orc (2/2) D:12            Elf (3/3) Orc:2        Vaults (5/5) D:14
  Crypt (2/3) Vaults:3     Depths (4/4) D:15            Zot (5/5) Depths:4
 Bailey (visited)

Altars:
Ashenzari
Cheibriados
Dithmenos
Elyvilon
Fedhas
Gozag
Hepliaklqana
Kikubaaqudgha
Makhleb
Nemelex Xobeh
Okawaru
Qazlal
Ru
Sif Muna
Trog
Uskayaw
Vehumet
Wu Jian
Xom
Yredelemnul
Zin
The Shining One
Lugonu

Shops:
D:3 ?   D:13 =   Orc:1 [   Orc:2 (??[(   Elf:1 :=:   Elf:2 *   Elf:3 *(?:[
Shoals:1 =   Snake:1 =   Depths:1 [   Depths:4 *

Portals:
Hell: Depths:1 Depths:2 Depths:3 Depths:4
Abyss: Shoals:1 Depths:3 Depths:4
Pandemonium: Depths:2 Depths:4
Ziggurat: Depths:3
Trove: Vaults:4 (give 5 potions of resistance)

Annotations:
D:10 4 transporters
Shoals:1 1 runed translucent door
Snake:1 1 runed translucent door
Elf:2 6 runed translucent doors, exclusion: obsidian statue, Roxanne; Ynwoy's ghost, journeyman FeSu

...# #.........####.....##.##
...#######..####2### #.....##...
...##....##[####.######.....#####
...##....##.................# #
...##....##...##.##...#.....#####
...##....##...#...#...#..........
...##....##.###...###.#..........
...##....##.#.......#.######.....
...''....+#.+.8.@.8.'.# #.....
...##....##.#.......#.# #.....
.####....##.###.8.###.######.....
.# #.........#...#........'.....
.# ###+##....#####....#####.....
.# #.##.............# #####. .#
#.######.######..#########. ##
#.# #.#...#............. #.#
#.'...#.............


You could see a shadow demon.


Message History

You feel a surge of power!
The iron shot misses the reaper.
The blast sends you backwards.
Unknown command.
Casting: Bombard (mildly dangerous; 5% risk of failure)
Confirm with . or Enter, or press ? or * to list all spells.
Aiming: Bombard (mildly dangerous; 5% risk of failure)
Press: ? - help, Shift-Dir - straight line, f/p - reaper
Aim: a reaper, wielding a +2 scythe of venom (severely wounded, 79% to hit)
You feel a surge of power!
The iron shot hits the reaper!!
You kill the reaper!
Sif Muna accepts your kill. The blast sends you backwards.
There is a stone staircase leading up here.
You fly upwards.
There is a stone staircase leading down here.
Unknown command.
Okay, then.
Unknown command.
Okay, then.
A shadow demon and 2 demonspawn corrupters come into view.
A demonspawn corrupter is wielding a +0 demon trident of venom.
Aiming: Dig
Press: ? - help, Shift-Dir - straight line A rock wall.
This square is covered in magical glow.
The rock shatters into small pieces.
The now-empty wand crumbles to dust.
Blink to where?
Press: ? - help, Dir - move target
As you read the scroll of blinking, it crumbles to dust.
You have escaped!

Skill      XL: |  1  2  3  4  5  6  7  8  9 10 11 12 13 14 15 16 17 18 19 20 21 22 23 24 25 26 27 |
---------------+----------------------------------------------------------------------------------+-----
Ice Magic      | 5 6 8 |  8.0
Spellcasting   | 3 4 5 7 8 10 12 14 15 | 15.0
Summonings     | 3 4 |  4.0
Fighting       | 3 4 5 6 8 9 10 12 16 | 16.1
Stealth        | 2 |  2.0
Evocations     | 3 4 |  4.0
Dodging        | 3 4 5 8 |  8.0
Conjurations   | 4 7 9 10 12 13 14 15 16 19 21 | 21.6
Air Magic      | 4 6 8 10 13 15 | 15.2
Alchemy        | 3 4 8 10 | 10.0
Staves         | 3 |  3.0
Invocations    | 6 8 12 13 15 16 | 16.0
Translocations | 4 |  4.0
Armour         | 2 10 11 15 19 22 | 22.2
Fire Magic     | 4 13 15 16 18 20 25 27 | 27.0
Earth Magic    | 3 8 |  8.9

Action                     |  1- 3 |  4- 6 |  7- 9 | 10-12 | 13-15 | 16-18 | 19-21 | 22-24 | 25-27 || total
---------------------------+-------+-------+-------+-------+-------+-------+-------+-------+-------++-------
  Melee: Staff             |    14 |     8 |    52 |    59 |    86 |    19 |     8 |     6 |     4 ||   256
         Punch             |       |       |     1 |       |       |       |       |       |       ||     1
  Throw: Dart              |       |       |       |     1 |     1 |       |       |       |       ||     2
   Cast: Freeze            |    41 |       |       |     4 |     3 |       |       |       |       ||    48
         Frozen Ramparts   |     8 |    20 |    29 |    44 |    46 |    13 |       |     1 |       ||   161
         Summon Ice Beast  |       |     6 |    34 |    49 |    72 |    12 |       |       |       ||   173
         Ozocubu's Armour  |       |     1 |     3 |    18 |     8 |     2 |       |       |       ||    32
         Mephitic Cloud    |       |       |     5 |     9 |     3 |     3 |       |       |       ||    20
         Freezing Cloud    |       |       |       |    87 |   202 |   215 |    38 |       |     2 ||   544
         Fulminant Prism   |       |       |       |    22 |    74 |    34 |    28 |     2 |     4 ||   164
         Olgreb's Toxic Ra |       |       |       |       |   118 |    50 |    17 |     1 |       ||   186
         Iskenderun's Myst |       |       |       |       |     5 |    85 |   114 |    45 |    38 ||   287
         Irradiate         |       |       |       |       |     1 |     9 |     5 |       |     8 ||    23
         Summon Lightning  |       |       |       |       |       |   136 |     7 |       |       ||   143
         Plasma Beam       |       |       |       |       |       |       |   564 |   524 |   298 ||  1386
         Orb of Destructio |       |       |       |       |       |       |     6 |    59 |   152 ||   217
         Ignition          |       |       |       |       |       |       |       |       |    39 ||    39
         Lehudib's Crystal |       |       |       |       |       |       |       |       |     1 ||     1
         Bombard           |       |       |       |       |       |       |       |       |    29 ||    29
 Invoke: Channel Magic     |       |       |       |     2 |     9 |     5 |    10 |    33 |    27 ||    86
         Divine Exegesis   |       |       |       |       |       |       |       |       |     1 ||     1
Ability: Hop               |     1 |       |     2 |     9 |    16 |     7 |     7 |     6 |    10 ||    58
  Evoke: Wand              |       |       |       |     2 |     5 |     6 |     5 |     3 |     2 ||    23
         Phantom mirror    |       |       |       |       |       |       |       |       |     1 ||     1
    Use: Scroll            |       |     2 |     1 |     6 |    16 |     6 |     5 |    12 |    11 ||    59
         Potion            |       |       |       |     2 |     6 |     5 |     1 |    12 |    17 ||    43
   Stab: Distracted        |       |       |     1 |       |       |       |       |       |       ||     1
         Confused          |       |       |       |     1 |     1 |       |       |       |       ||     2
 Armour: Robe              |    24 |     7 |    21 |       |     5 |    15 |       |       |       ||    72
         Steam dragon scal |       |       |    27 |    70 |    88 |       |       |       |       ||   185
         Skin              |       |       |       |       |       |     1 |       |       |       ||     1
         Scale mail        |       |       |       |       |       |   342 |   214 |    12 |       ||   568
         Crystal plate arm |       |       |       |       |       |       |       |   235 |   307 ||   542
  Dodge: Dodged            |    51 |     1 |    66 |    92 |   100 |   221 |   106 |    80 |   109 ||   826

Levels and vault maps discovered:
D:1:      dpeg_arrival_simpleton_c, layout_basic,
          chequers_ecumenical_altar_island
D:2:      layout_basic, basic_altar
D:3:      layout_basic, serial_shops, nicolae_shop_rolled_up, uniq_natasha,
          uniq_jessica
D:4:      layout_loops_ring, mainiacjoe_overflow_24_doors,
          hangedman_feature_mirror, minmay_manual_moon
D:5:      layout_basic, mainiacjoe_overflow_boulevard, uniq_edmund
D:6:      layout_rooms, minmay_temple_entry_trees, gammafunk_ghost_cemetery
D:7:      layout_basic, mainiacjoe_overflow_alcove_2,
          mainiacjoe_overflow_chevrons, enter_bailey_5
D:8:      lemuel_slime, layout_cave_pools,
          mainiacjoe_overflow_concentric_impassable, minmay_crystal_water,
          grunt_ogre_cave
D:9:      layout_cave_pools, tso_altar, mainiacjoe_overflow_catch_the_wave,
          david_lair_generic, minmay_chambers_of_fives, uniq_erica
D:10:     layout_long_grid, nicolae_overflow_hidden_temple, xom_redecorated,
          nicolae_transporter_circle
D:11:     layout_small_grid, gauntlet_entry_generic, portal_ice_cave_rime,
          roderic_lattice_a, uniq_lodul, uniq_maurice
D:12:     layout_basic, zombieorc2_lemuel, ebering_ghost_inner_flame,
          uniq_rupert, uniq_urug, uniq_azrael
D:13:     layout_irregular_city, serial_shops, shop
D:14:     kennysheep_spiral_hall, layout_basic, hellmonk_vaults_order_and_chaos,
          dreamdust_princess_corridor
D:15:     hangedman_depths_entry_civil_slaughter, layout_long_grid
Temple:   eino_temple_lava
Lair:1:   layout_chaotic_city, uniq_amaemon
Lair:2:   layout_layer_cave, pdpol_lair_neglected_garden
Lair:3:   lemuel_reptile_caves, layout_gridlike, elwin_shoals_entry_rooms,
          alex1729_snake_entry_snake
Lair:4:   layout_small_grid, beast_lair_carwin_6, grunt_megastairs_3
Lair:5:   grunt_lair_end_beastmaster, layout_gridlike, slime_entry_1,
          evilmike_ambush [evilmike_ambush_outer_basic,
          evilmike_ambush_inner_wall_2], grunt_megastairs_1
Shoals:1: layout_shoals, serial_shops, nicolae_diamond_shop,
          nicolae_shoals_abyss_on_the_beach
Shoals:2: layout_shoals, nicolae_shoals_former_cling_halls, uniq_donald
Shoals:3: layout_shoals
Shoals:4: shoals_end_grunt_garden, layout_shoals, shoals_ilsuiw_alternative
Snake:1:  cheibrodos_toxic_ritual, layout_cave_pods, nicolae_shop_unique_rings,
          hangedman_snake_corridor_cut, uniq_aizul
Snake:2:  layout_misc_corridors
Snake:3:  layout_gridlike, serial_corexii_hall, corexii_hall_statues_x,
          corexii_hall_statues_x, grunt_megastairs_4
Snake:4:  snake_pit, layout_chambers
Orc:1:    layout_caves, basic_altar, serial_shops, shop_statue,
          nicolae_orc_bridge_out
Orc:2:    st_orc_ogre_mass, layout_caves, serial_shops, shop
Elf:1:    minmay_elf_arrival_circle, layout_loops_cross, minmay_shop_grove,
          uniq_nikola
Elf:2:    elven_hall_of_blades_hangedman_original
          [infiniplex_blade_entry_pillars], layout_gridlike,
          ebering_ghost_gozag, uniq_roxanne
Elf:3:    minmay_elf_hall_four_x, layout_rooms, basic_altar, serial_shops,
          nicolae_shop_window_shopping, minmay_shoptagon, uniq_zenata
Vaults:1: nicolae_vaults_octagons, grunt_vaults_trifunnel, v_misc_26,
          vaults_mumra_hex, vaults_room_grunt_arrival_ludios,
          nicolae_vaults_heist, vaults_room_octagon, ontoclasm_vaults_eye,
          nicolae_vaults_layer_cake_slice, nicolae_vaults_little_squares_4,
          ontoclasm_vaults_ligature, ontoclasm_vaults_hangar, vaults_room_pools,
          layout_vaults_maze_snakey
Vaults:2: v_misc_11, nicolae_vaults_circle_grid_b, v_misc_25, v_misc_18,
          vaults_standard_mumra_x, nicolae_vaults_storage_closets_1,
          nicolae_vaults_weapon_check, layout_vaults_omnigrid
Vaults:3: v_pattern_5, vaults_room_pools, nicolae_vaults_frosty_reception,
          nicolae_vaults_tetromino_Z_2, v_misc_17, v_misc_24, v_misc_29,
          minmay_crypt_entry_skeletal_spiral, ontoclasm_vaults_loading_screen,
          vaults_room_grid, nicolae_vaults_variable_pillar_hall,
          serial_library_hellmonk_angled_corner, nicolae_vaults_trapezoid_4,
          layout_vaults_chaotic_city
Vaults:4: nicolae_vaults_shrinking_rooms_2, v_rooms_1,
          nicolae_vaults_closet_pinwheel_4, nicolae_vaults_more_shelving_2,
          v_misc_13, nicolae_vaults_offset_grid_hallway_4, vaults_room_grid,
          hangedman_vaults_unwind, v_misc_9, layout_vaults_omnicross,
          nicolae_trove_entry_crystal
Vaults:5: serial_shops, uniq_mara, uniq_xtahua
Crypt:1:  layout_chaotic_city, basic_altar, nicolae_crypt_sons_of_ramesses,
          grunt_crypt_arrival_guarded_gate
Crypt:2:  layout_chaotic_city
Depths:1: layout_small_grid, nicolae_concentric_dashed_squares_wild,
          serial_shops, nicolae_shop_mannequins, hell_entry,
          worldfamousw_hep_ancestral_shrine
Depths:2: minmay_textured_paths, layout_honeycomb, pan_entry,
          hangedman_geh_valley, minmay_door_square, minivault_21,
          nicolae_figureground_sparkle, infiniplex_staircase_trident
Depths:3: cell_vault, layout_long_grid, enter_ziggurat_e,
          hangedman_tar_grid_catacomb, nicolae_tricolors,
          abyss_entry_flame_altar, minmay_hedge_maze, nicolae_zig_zag_zippers,
          serial_bayou_shore_b, infiniplex_staircase_zigzag_5
Depths:4: evilmike_zot_entry_hall, layout_honeycomb, kiku_gazebo_garden_becter,
          grunt_pan_entry_in_and_out, abyss_entry,
          nicolae_hell_entry_big_baal_hell, minmay_misc_feat_nine_boxes,
          uniq_mennas
Zot:1:    layout_cellular_growth, grunt_megastairs_5
Zot:2:    layout_basic, bh_zot_lava_cross
Zot:3:    layout_gridlike
Zot:4:    layout_onion_interference, uniq_parghit
Zot:5:    layout_misc_corridors

Notes
Turn   | Place    | Note
-------+----------+-------------------------------------------
     0 | D:1      | Drazool the Barachi Ice Elementalist began the quest for
                  | the Orb.
     0 | D:1      | Reached XP level 1. HP: 13/13 MP: 3/3
    17 | D:1      | Reached skill level 5 in Ice Magic
   191 | D:1      | Found a faded altar of an unknown god.
   197 | D:1      | Reached XP level 2. HP: 18/19 MP: 1/5
  1182 | D:2      | Found an ornate altar of the Wu Jian Council.
  1199 | D:2      | Reached XP level 3. HP: 21/24 MP: 0/6
  1224 | D:2      | Reached skill level 6 in Ice Magic
  1344 | D:2      | Learned a level 3 spell: Frozen Ramparts
  2041 | D:3      | Reached XP level 4. HP: 30/30 MP: 3/7
  2120 | D:3      | Identified the +7 trident "Frog's Bane" {spect, Dex+5}
  2134 | D:3      | Reached skill level 3 in Spellcasting
  2482 | D:3      | Reached XP level 5. HP: 35/35 MP: 6/10
  2486 | D:3      | Learned a level 3 spell: Ozocubu's Armour
  2490 | D:3      | Learned a level 3 spell: Summon Ice Beast
  2847 | D:3      | Reached skill level 1 in Summonings
  2852 | D:3      | Reached skill level 4 in Spellcasting
  2854 | D:3      | Reached skill level 2 in Summonings
  2952 | D:3      | Noticed Jessica
  2959 | D:3      | Killed Jessica
  3010 | D:3      | Reached skill level 3 in Summonings
  3070 | D:3      | Noticed Natasha
  3073 | D:3      | Killed Natasha
  3074 | D:3      | Reached XP level 6. HP: 41/41 MP: 5/12
  3211 | D:3      | Found Biuraw's Magic Scroll Shop.
  3214 | D:3      | Bought a scroll of teleportation for 36 gold pieces
  3214 | D:3      | Bought a scroll of identify for 24 gold pieces
  3412 | D:4      | Reached skill level 4 in Summonings
  3510 | D:4      | Reached skill level 7 in Ice Magic
  3648 | D:4      | Identified the amulet of Hamucw {Acrobat Fly Regen+ rCorr
                  | Dex+2}
  3742 | D:4      | Reached skill level 8 in Ice Magic
  3742 | D:4      | Reached XP level 7. HP: 47/47 MP: 4/13
  4158 | D:4      | Found a hide-covered altar of Uskayaw.
  4164 | D:4      | Reached skill level 1 in Fighting
  4186 | D:4      | You are sucked into a shaft and drop 2 floors!
  4197 | D:6      | Reached skill level 3 in Fighting
  4318 | D:6      | Noticed a steam dragon
  4325 | D:6      | Reached skill level 2 in Stealth
  4325 | D:6      | Reached skill level 1 in Evocations
  4351 | D:6      | Killed a steam dragon
  4352 | D:6      | Reached skill level 3 in Dodging
  4352 | D:6      | Reached skill level 3 in Evocations
  4403 | D:5      | Entered Level 5 of the Dungeon
  4553 | D:5      | Found a shadowy altar of Dithmenos.
  4577 | D:5      | Reached XP level 8. HP: 58/58 MP: 10/14
  4659 | D:5      | Noticed Edmund
  4669 | D:5      | Killed Edmund
  4670 | D:5      | Reached skill level 4 in Evocations
  4728 | D:5      | Learned a level 3 spell: Mephitic Cloud
  5023 | D:4      | Reached skill level 1 in Conjurations
  5023 | D:4      | Reached skill level 1 in Air Magic
  5023 | D:4      | Reached skill level 1 in Alchemy
  5122 | D:5      | Reached skill level 2 in Conjurations
  5340 | D:5      | Reached skill level 2 in Air Magic
  5340 | D:5      | Reached skill level 2 in Alchemy
  5559 | D:6      | Reached skill level 3 in Conjurations
  5559 | D:6      | Reached skill level 3 in Air Magic
  5559 | D:6      | Reached skill level 3 in Alchemy
  5768 | D:6      | Reached skill level 4 in Conjurations
  5768 | D:6      | Reached skill level 4 in Air Magic
  5768 | D:6      | Reached XP level 9. HP: 63/63 MP: 12/15
  5985 | D:6      | Found a runed translucent gate.
  5986 | D:6      | Found a runed translucent gate.
  5986 | D:6      | Found a runed translucent gate.
  5987 | D:6      | Noticed MisterAzrael's ghost (novice TrSh)
  5987 | D:6      | Noticed Azoth's ghost (novice DrFi)
  5987 | D:6      | Noticed CougarLife's ghost (novice GnFi)
  6103 | D:6      | Found a staircase to the Ecumenical Temple.
  6122 | Temple   | Entered the Ecumenical Temple
  6585 | D:7      | Found a flagged portal.
  6635 | D:7      | Reached skill level 5 in Conjurations
  6635 | D:7      | Reached skill level 5 in Air Magic
  6747 | Bailey   | Entered a bailey
  6776 | Bailey   | Reached skill level 5 in Spellcasting
  6835 | Bailey   | Reached skill level 4 in Fighting
  6835 | Bailey   | Reached skill level 1 in Staves
  6903 | Bailey   | Reached skill level 2 in Staves
  6911 | Bailey   | Reached skill level 3 in Staves
  6927 | Bailey   | Reached skill level 6 in Conjurations
  7021 | Bailey   | Learned a level 5 spell: Freezing Cloud
  7109 | Bailey   | Noticed a two-headed ogre
  7113 | Bailey   | Killed a two-headed ogre
  7114 | Bailey   | Reached skill level 7 in Conjurations
  7114 | Bailey   | Reached skill level 6 in Air Magic
  7114 | Bailey   | Reached XP level 10. HP: 71/71 MP: 7/17
  7690 | D:7      | Found a burning altar of Makhleb.
  7697 | D:7      | Found an ancient bone altar of Kikubaaqudgha.
  7724 | D:7      | Reached skill level 7 in Air Magic
  8029 | D:7      | Reached skill level 8 in Conjurations
  8615 | D:8      | Found a shimmering blue altar of Sif Muna.
  8814 | D:8      | Became a worshipper of Sif Muna the Loreminder
  8926 | D:8      | Reached skill level 8 in Air Magic
  9181 | D:8      | Reached * piety under Sif Muna
  9182 | D:8      | Reached skill level 9 in Conjurations
  9510 | D:9      | Noticed an elephant
  9510 | D:9      | Found a staircase to the Lair.
  9733 | D:9      | Reached skill level 6 in Spellcasting
  9875 | D:9      | Noticed Erica
  9881 | D:9      | Killed Erica
  9882 | D:9      | Reached skill level 7 in Spellcasting
  9891 | D:9      | Noticed a two-headed ogre
  9891 | D:9      | Killed an elephant
  9892 | D:9      | Reached skill level 5 in Fighting
  9892 | D:9      | Reached skill level 4 in Dodging
  9892 | D:9      | Reached XP level 11. HP: 79/79 MP: 4/21
  9959 | D:8      | Killed a two-headed ogre
  9960 | D:8      | Reached skill level 5 in Dodging
 10134 | D:8      | Reached skill level 8 in Spellcasting
 10139 | D:8      | Learned a level 4 spell: Fulminant Prism
 10829 | D:9      | Reached skill level 4 in Alchemy
 10839 | D:9      | Reached skill level 6 in Fighting
 11297 | D:9      | Found a broken altar of Ashenzari.
 11307 | D:9      | Found a snail-covered altar of Cheibriados.
 11506 | D:9      | Identified the ring of Hivigh {rF- AC+4 Str+5 Int+4 SInv}
 11750 | D:9      | Found a glowing golden altar of the Shining One.
 11788 | D:10     | Entered Level 10 of the Dungeon
 11812 | D:10     | Found a shimmering altar of Xom.
 11813 | D:10     | Found a shimmering altar of Xom.
 11826 | D:10     | Reached skill level 1 in Invocations
 11920 | D:10     | Found a shimmering altar of Xom.
 11928 | D:10     | Found a transporter.
 12011 | D:10     | Reached skill level 2 in Invocations
 12154 | D:10     | Reached ** piety under Sif Muna
 12199 | D:10     | Found a stormy altar of Qazlal.
 12273 | D:10     | Found a transporter.
 12278 | D:10     | Found a transporter.
 12564 | D:10     | Found a transporter.
 12717 | D:10     | Reached skill level 3 in Invocations
 12885 | Lair:1   | Entered Level 1 of the Lair of Beasts
 13056 | Lair:1   | Reached skill level 4 in Invocations
 13198 | Lair:1   | Noticed Amaemon
 13204 | Lair:1   | Killed Amaemon
 13205 | Lair:1   | Reached skill level 5 in Invocations
 13291 | Lair:1   | Noticed a skyshark
 13319 | Lair:1   | Killed a skyshark
 13320 | Lair:1   | Reached skill level 6 in Invocations
 13320 | Lair:1   | Reached XP level 12. HP: 42/88 MP: 11/24
 13457 | Lair:1   | Reached skill level 7 in Invocations
 13666 | Lair:1   | Learned a level 4 spell: Olgreb's Toxic Radiance
 13672 | Lair:1   | Learned a level 4 spell: Iskenderun's Mystic Blast
 14351 | Lair:2   | Reached skill level 8 in Invocations
 14410 | Lair:2   | Reached skill level 1 in Translocations
 14414 | Lair:2   | Reached skill level 2 in Translocations
 14425 | Lair:2   | Reached skill level 3 in Translocations
 14650 | Lair:2   | Noticed a skyshark
 14749 | Lair:2   | Noticed a seven-headed hydra
 14754 | Lair:2   | Killed a seven-headed hydra
 14755 | Lair:2   | Reached skill level 4 in Translocations
 14937 | Lair:2   | Killed a skyshark
 14938 | Lair:2   | Reached skill level 6 in Dodging
 15414 | Lair:2   | Reached skill level 7 in Dodging
 16286 | Lair:3   | Noticed a five-headed hydra
 16292 | Lair:3   | Killed a five-headed hydra
 16293 | Lair:3   | Reached skill level 8 in Dodging
 16306 | Lair:3   | Reached skill level 10 in Conjurations
 16443 | Lair:3   | Reached *** piety under Sif Muna
 16484 | Lair:3   | Reached skill level 7 in Fighting
 16623 | Lair:3   | Noticed a death yak
 16623 | Lair:3   | Noticed a death yak
 16623 | Lair:3   | Noticed a death yak
 16664 | Lair:3   | Noticed an eight-headed hydra
 16678 | Lair:3   | Killed an eight-headed hydra
 16817 | Lair:3   | Reached skill level 8 in Fighting
 16817 | Lair:3   | Gained mutation: You can hop long distances. [Barachi
                  | growth]
 16817 | Lair:3   | Reached XP level 13. HP: 93/98 MP: 17/25
 17260 | Lair:2   | Reached skill level 9 in Spellcasting
 17905 | Lair:3   | Reached skill level 10 in Spellcasting
 18058 | Lair:3   | Identified the +1 leather armour of Gorphuitz {^Contam
                  | +Blink Dex+3 Stlth+}
 18380 | Lair:3   | Reached **** piety under Sif Muna
 18727 | Lair:3   | Found a staircase to the Shoals.
 19064 | Lair:3   | Reached skill level 11 in Conjurations
 19380 | Lair:3   | Found a staircase to the Snake Pit.
 19967 | Lair:4   | Reached skill level 12 in Conjurations
 19967 | Lair:4   | Reached skill level 1 in Armour
 19975 | Lair:4   | Reached skill level 2 in Armour
 20196 | Lair:3   | Learned a level 4 spell: Olgreb's Toxic Radiance
 20519 | Lair:4   | Reached skill level 5 in Alchemy
 20624 | Lair:4   | Reached skill level 6 in Alchemy
 20826 | Lair:4   | Reached skill level 7 in Alchemy
 21518 | Lair:4   | Reached skill level 8 in Alchemy
 21789 | Lair:5   | Entered Level 5 of the Lair of Beasts
 21801 | Lair:4   | Reached XP level 14. HP: 94/105 MP: 3/28
 22083 | Lair:5   | Reached skill level 9 in Invocations
 22826 | Lair:5   | Found a staircase to the Slime Pits.
 22885 | Lair:5   | Reached skill level 10 in Invocations
 23333 | Lair:5   | Reached ***** piety under Sif Muna
 24193 | Lair:5   | Reached skill level 11 in Invocations
 24563 | Lair:5   | Reached skill level 12 in Invocations
 24917 | D:11     | Noticed Maurice
 24921 | D:11     | Killed Maurice
 25473 | D:11     | Received a gift from Sif Muna
 25474 | D:11     | Got Sif Muna's Directory of Left-Handed Ceremonies and
                  | Wounds {god gift}
 25790 | D:11     | Noticed Lodul
 25844 | D:11     | Killed Lodul
 25869 | D:10     | Found a hazy altar of Hepliaklqana.
 25869 | D:10     | Found a bloodstained altar of Trog.
 26204 | D:11     | Identified 3 potions of resistance
 26207 | D:11     | Identified a scroll of acquirement
 26376 | D:11     | Reached XP level 15. HP: 110/110 MP: 18/29
 27044 | D:12     | Noticed Urug
 27113 | D:12     | Killed Urug
 27543 | D:12     | Found a staircase to the Orcish Mines.
 27578 | D:12     | Learned a level 5 spell: Irradiate
 27699 | D:12     | Noticed Rupert
 27720 | D:12     | Killed Rupert
 27809 | D:12     | Reached skill level 11 in Spellcasting
 28395 | D:12     | Noticed Azrael
 28405 | D:12     | Killed Azrael
 28822 | D:12     | Found a runed translucent door.
 28825 | D:12     | Noticed Sirjeffry24's ghost (journeyman HOFi)
 28968 | Orc:1    | Entered Level 1 of the Orcish Mines
 29707 | Orc:1    | Found Kethimp's Antique Armour Emporium.
 29716 | Orc:1    | Bought a glowing helmet for 277 gold pieces
 29716 | Orc:1    | Bought an ancient robe for 210 gold pieces
 29716 | Orc:1    | Identified the +1 robe of Liberalism {rCorr Int+4} (You
                  | bought it in a shop on level 1 of the Orcish Mines)
 29928 | Orc:2    | Entered Level 2 of the Orcish Mines
 29928 | Orc:2    | Found Muawka's Antique Weapon Emporium.
 29960 | Orc:2    | Reached skill level 12 in Spellcasting
 29960 | Orc:2    | Received a gift from Sif Muna
 29963 | Orc:2    | Got Leesocsy's Spellbook of the Gift and Conduction {god
                  | gift}
 30046 | Orc:2    | Reached skill level 9 in Alchemy
 30263 | Orc:2    | Reached skill level 10 in Alchemy
 30373 | Orc:2    | Paralysed by an ogre mage for 2 turns
 31422 | Orc:2    | Acquired 640 gold pieces
 31482 | Orc:2    | Found a staircase to the Elven Halls.
 31533 | Orc:2    | Reached skill level 13 in Conjurations
 31711 | Orc:2    | Found Doc Rich's Armour Shoppe.
 31711 | Orc:2    | Found Jufog's Magic Scroll Shop.
 31712 | Orc:2    | Found Ovo Lapi's Weapon Boutique.
 31712 | Orc:2    | Found Pisur's Magic Scroll Shoppe.
 31722 | Orc:2    | Bought a scroll of identify for 30 gold pieces
 31722 | Orc:2    | Bought a scroll of blinking for 112 gold pieces
 31722 | Orc:2    | Bought a scroll of fear for 60 gold pieces
 31722 | Orc:2    | Bought a scroll of identify for 30 gold pieces
 31723 | Orc:2    | Identified a potion of experience
 31725 | Orc:2    | Reached skill level 10 in Air Magic
 31725 | Orc:2    | Reached XP level 16. HP: 117/117 MP: 32/32
 31731 | Orc:2    | Learned a level 4 spell: Summon Lightning Spire
 31732 | Orc:2    | Bought a scroll of identify for 34 gold pieces
 31732 | Orc:2    | Bought a scroll of enchant armour for 127 gold pieces
 31858 | D:13     | Found Isiparo's Jewellery Emporium.
 33134 | D:14     | Found a gate to the Vaults.
 33395 | D:14     | Reached skill level 14 in Conjurations
 34060 | D:14     | Reached XP level 17. HP: 122/122 MP: 4/33
 34310 | D:14     | Reached skill level 11 in Air Magic
 35149 | D:15     | Entered Level 15 of the Dungeon
 35179 | D:15     | Reached skill level 3 in Armour
 35355 | D:15     | Reached skill level 4 in Armour
 35691 | D:15     | Found a staircase to the Depths.
 35721 | D:15     | Reached skill level 5 in Armour
 36501 | D:15     | Reached skill level 6 in Armour
 36818 | Snake:1  | Entered Level 1 of the Snake Pit
 36933 | Snake:1  | Received a gift from Sif Muna
 36934 | Snake:1  | Reached skill level 9 in Fighting
 37071 | Snake:1  | Found a runed translucent door.
 37167 | Snake:1  | Identified the serpent talisman of the Weaver {rElec}
 37167 | Snake:1  | Noticed Aizul
 37226 | Snake:1  | Killed Aizul
 37441 | Snake:1  | Found Kiowo's One-of-a-Kind Rings.
 37528 | Snake:1  | Bought a +9 ring of intelligence for 780 gold pieces
 37528 | Snake:1  | Bought a +8 ring of strength for 550 gold pieces
 37680 | Snake:1  | Reached skill level 7 in Armour
 37869 | Snake:1  | Reached skill level 8 in Armour
 38076 | Snake:1  | Identified the +5 sling of Nuwir {speed, MP+9 Dex+6}
 39196 | Snake:2  | Reached skill level 9 in Armour
 40013 | Snake:3  | Reached skill level 10 in Armour
 40641 | Snake:3  | Reached skill level 15 in Conjurations
 40848 | Snake:3  | Reached skill level 12 in Air Magic
 41303 | Snake:3  | Received a gift from Sif Muna
 41304 | Snake:3  | Got Sif Muna's Handbook of the Nocuous Nimbus {god gift}
 41539 | Snake:3  | Reached skill level 13 in Air Magic
 41771 | Snake:3  | Identified a +0 crystal plate armour
 41912 | Snake:3  | Reached XP level 18. HP: 122/132 MP: 20/34
 42240 | Snake:4  | Entered Level 4 of the Snake Pit
 42807 | Snake:4  | Reached skill level 14 in Air Magic
 43288 | Snake:4  | Reached skill level 15 in Air Magic
 44420 | Snake:4  | Reached skill level 13 in Spellcasting
 44936 | Snake:4  | Got a serpentine rune of Zot
 45568 | Shoals:1 | Entered Level 1 of the Shoals
 45576 | Shoals:1 | Received a gift from Sif Muna
 46044 | Lair:3   | Reached skill level 14 in Spellcasting
 46783 | Shoals:1 | Found a runed translucent door.
 46786 | Shoals:1 | Found a corrupted altar of Lugonu.
 46786 | Shoals:1 | Found a one-way gate to the infinite horrors of the Abyss.
 46993 | Shoals:1 | Reached skill level 1 in Fire Magic
 47072 | Shoals:1 | Reached skill level 2 in Fire Magic
 47262 | Shoals:1 | Acquired 933 gold pieces
 47437 | Shoals:1 | Found Vaosoz's Jewellery Boutique.
 47727 | Shoals:2 | Reached skill level 3 in Fire Magic
 47728 | Shoals:2 | Noticed Donald
 48100 | Shoals:2 | Reached skill level 4 in Fire Magic
 48103 | Shoals:1 | Reached XP level 19. HP: 138/138 MP: 25/37
 48215 | Shoals:2 | Reached skill level 15 in Spellcasting
 48243 | Shoals:2 | Received a gift from Sif Muna
 48244 | Shoals:2 | Reached skill level 5 in Fire Magic
 48511 | Shoals:2 | Reached skill level 6 in Fire Magic
 48518 | Shoals:2 | Learned a level 6 spell: Plasma Beam
 48899 | Shoals:2 | Identified the +0 ring mail of Broken Taboos {rPois Will++}
 48999 | Shoals:2 | Killed Donald
 49413 | Shoals:2 | Reached skill level 7 in Fire Magic
 50496 | Shoals:3 | Reached skill level 8 in Fire Magic
 50749 | Shoals:3 | Reached skill level 9 in Fire Magic
 51656 | Shoals:4 | Entered Level 4 of the Shoals
 51680 | Shoals:4 | Reached skill level 10 in Fire Magic
 51685 | Shoals:4 | Noticed Ilsuiw
 52108 | Shoals:3 | Killed Ilsuiw
 52405 | Shoals:3 | Reached skill level 11 in Fire Magic
 52912 | Shoals:4 | Received a gift from Sif Muna
 53060 | Shoals:4 | Got Sif Muna's Guidebook on Molten Rallying {god gift}
 53226 | Shoals:4 | Reached skill level 12 in Fire Magic
 54354 | Shoals:4 | Reached skill level 11 in Armour
 55026 | Shoals:4 | Got a barnacled rune of Zot
 55033 | Shoals:4 | Reached skill level 13 in Fire Magic
 55033 | Shoals:4 | Reached XP level 20. HP: 144/144 MP: 25/39
 55957 | Elf:1    | Entered Level 1 of the Elven Halls
 56266 | D:6      | Killed CougarLife's ghost
 56327 | D:6      | Killed MisterAzrael's ghost
 56329 | D:6      | Killed Azoth's ghost
 56720 | D:12     | Killed Sirjeffry24's ghost
 57028 | Orc:2    | Reached skill level 12 in Armour
 57727 | Elf:1    | Noticed Nikola
 57870 | Elf:1    | Killed Nikola
 58424 | Elf:1    | Reached skill level 14 in Fire Magic
 58607 | Elf:1    | Received a gift from Sif Muna
 58736 | Elf:1    | Got Sif Muna's Treatise on the Coals and the Volley {god
                  | gift}
 58822 | Elf:1    | Reached skill level 13 in Armour
 59447 | Elf:1    | Found Ijoejoe's Book Shoppe.
 59448 | Elf:1    | Found Teuts's Jewellery Shop.
 59449 | Elf:1    | Found Hukhluqadd's Book Shoppe.
 59459 | Elf:1    | Bought a manual of Summonings for 880 gold pieces
 59954 | Elf:2    | Found a runed translucent gate.
 59955 | Elf:2    | Found a runed translucent gate.
 59955 | Elf:2    | Found an opulent altar of Gozag.
 59977 | Elf:2    | Found a runed translucent gate.
 59979 | Elf:2    | Noticed Ynwoy's ghost (journeyman FeSu)
 59980 | Elf:2    | Found Gapuitin's Assorted Antiques.
 60583 | Elf:2    | Reached skill level 14 in Armour
 60863 | Elf:2    | Noticed Roxanne
 60885 | Elf:2    | Found a runed translucent gate.
 60885 | Elf:2    | Found a runed translucent gate.
 60887 | Elf:2    | Found a runed translucent gate.
 60927 | Elf:2    | Reached skill level 15 in Fire Magic
 61907 | Vaults:1 | Entered Level 1 of the Vaults
 62396 | Vaults:1 | Reached skill level 15 in Armour
 63200 | Vaults:1 | Reached skill level 10 in Fighting
 63638 | Vaults:1 | Reached skill level 13 in Invocations
 63697 | Vaults:1 | Reached XP level 21. HP: 155/155 MP: 11/40
 63991 | Vaults:1 | Reached skill level 11 in Fighting
 64823 | Vaults:1 | Received a gift from Sif Muna
 64824 | Vaults:1 | Got Wetept's Atlas of Violence {god gift}
 65269 | Vaults:1 | Reached skill level 12 in Fighting
 65563 | Vaults:1 | Identified the ring "Oschowubi" {+Blink rF- rC+ rCorr
                  | Int+7}
 66186 | Vaults:2 | Reached skill level 14 in Invocations
 67334 | Vaults:2 | Received a gift from Sif Muna
 67337 | Vaults:2 | Got Sif Muna's Spellbook of the Shot {god gift}
 67596 | Vaults:2 | Reached skill level 15 in Invocations
 68346 | Vaults:2 | Identified the +5 scale mail "Niyf" {Str+3}
 68750 | Vaults:2 | Learned a level 7 spell: Orb of Destruction
 69820 | Vaults:3 | Reached skill level 16 in Conjurations
 71105 | Vaults:3 | Reached XP level 22. HP: 165/165 MP: 22/41
 71667 | Vaults:3 | Reached skill level 17 in Conjurations
 71708 | Vaults:3 | Found a staircase to the Crypt.
 71795 | Vaults:4 | Found a portal to a secret trove of treasure.
 73251 | Vaults:4 | Reached skill level 18 in Conjurations
 74540 | Depths:1 | Entered Level 1 of the Depths
 74899 | Depths:1 | Found a gateway to Hell.
 74923 | Depths:1 | Received a gift from Sif Muna
 75015 | Depths:1 | Found Igaumagh's Armour Shoppe.
 75026 | Depths:1 | Bought a +2 helmet of intelligence for 279 gold pieces
 75483 | Depths:1 | Reached skill level 16 in Armour
 75642 | Depths:1 | Found a hazy altar of Hepliaklqana.
 76452 | Depths:2 | Found a one-way gate leading to the halls of Pandemonium.
 76707 | Depths:2 | Reached skill level 17 in Armour
 77095 | Depths:2 | Reached skill level 19 in Conjurations
 77806 | Depths:2 | Identified the ring "Meiveipe" {rPois rC+ MP+9 Str+2
                  | Stlth-}
 77860 | Depths:2 | Reached skill level 18 in Armour
 79031 | Depths:3 | Found a one-way gateway to a ziggurat.
 79041 | Depths:3 | Reached skill level 19 in Armour
 79041 | Depths:3 | Reached skill level 16 in Fire Magic
 79048 | Depths:3 | Noticed a golden dragon
 79174 | Depths:3 | Killed a golden dragon
 79373 | Depths:3 | Found a corrupted altar of Lugonu.
 79528 | Depths:3 | Identified the +5 long sword "Bitwung" {venom, rPois SInv}
 79834 | Depths:3 | Noticed a golden dragon
 79851 | Depths:3 | Killed a golden dragon
 79852 | Depths:3 | Reached XP level 23. HP: 154/171 MP: 3/42
 80012 | Depths:3 | Noticed an ancient lich
 80016 | Depths:3 | Killed an ancient lich
 80140 | Depths:3 | Noticed a caustic shrike
 80145 | Depths:3 | Killed a caustic shrike
 80146 | Depths:3 | Reached skill level 20 in Armour
 80845 | Depths:3 | Noticed a caustic shrike
 80848 | Depths:3 | Killed a caustic shrike
 80906 | Depths:3 | Reached skill level 21 in Armour
 81149 | Depths:4 | Entered Level 4 of the Depths
 81555 | Depths:4 | Identified the +2 tower shield of Paaligg {Regen+ Str+2
                  | Slay-6}
 81555 | Depths:4 | Noticed Mennas
 81570 | Depths:4 | Killed Mennas
 81813 | Depths:4 | Reached skill level 17 in Fire Magic
 82200 | Depths:4 | Found Big Baal Hell's Store.
 82698 | Depths:4 | Found an ancient bone altar of Kikubaaqudgha.
 82796 | Depths:4 | Noticed a golden dragon
 82807 | Depths:4 | Killed a golden dragon
 83106 | Depths:4 | Reached skill level 22 in Armour
 83460 | Depths:4 | Noticed a golden dragon
 83464 | Depths:4 | Killed a golden dragon
 83864 | Depths:4 | Noticed a golden dragon
 83869 | Depths:4 | Killed a golden dragon
 83937 | Depths:4 | Found a gate to the Realm of Zot.
 84202 | Vaults:5 | Entered Level 5 of the Vaults
 84216 | Vaults:5 | Found the +8 pair of quick blades "Gyre" and "Gimble"
                  | {protect}
 84241 | Vaults:5 | Noticed Xtahua
 84259 | Vaults:5 | Noticed an ancient lich
 84356 | Vaults:5 | Reached skill level 18 in Fire Magic
 84449 | Vaults:5 | Identified the ring "Hadik" {rPois rF++ AC+4 Int+2 Dex+2}
 84455 | Vaults:5 | Noticed an ancient lich
 84532 | Vaults:5 | Reached XP level 24. HP: 180/180 MP: 4/42
 84551 | Vaults:5 | Noticed a dread lich
 84719 | Vaults:5 | Killed an ancient lich
 84720 | Vaults:5 | Reached skill level 13 in Fighting
 84793 | Vaults:5 | Reached skill level 19 in Fire Magic
 84880 | Vaults:5 | Reached skill level 14 in Fighting
 84913 | Vaults:5 | Killed an ancient lich
 84973 | Vaults:5 | Reached skill level 15 in Fighting
 85179 | Vaults:5 | Noticed an ancient lich
 85196 | Vaults:5 | Killed an ancient lich
 85315 | Vaults:5 | Reached skill level 16 in Fighting
 85335 | Vaults:5 | Paralysed by Xtahua for 3 turns
 85339 | Vaults:5 | Killed Xtahua
 85529 | Vaults:5 | Killed a dread lich
 85708 | Vaults:5 | Noticed a dread lich
 85720 | Vaults:5 | Killed a dread lich
 85763 | Vaults:5 | Noticed Mara
 85774 | Vaults:5 | Killed Mara
 86023 | Vaults:5 | Reached skill level 16 in Invocations
 86165 | Vaults:5 | Identified the +8 plate armour of Uliamaoc {rC+ Regen+
                  | Slay-4}
 86544 | Vaults:5 | Identified the +1 helmet of Aqimae {*Slow Dex+4 SInv}
 86548 | Vaults:5 | Got a silver rune of Zot
 87271 | Elf:3    | Entered Level 3 of the Elven Halls
 87276 | Elf:3    | Noticed Zenata
 87280 | Elf:3    | Killed Zenata
 87356 | Elf:3    | Found Ubeziokharph's Armour Boutique.
 87720 | Elf:3    | Found a radiant altar of Vehumet.
 87987 | Elf:3    | Reached skill level 20 in Fire Magic
 87995 | Elf:3    | Reached XP level 25. HP: 160/197 MP: 4/42
 88788 | Elf:3    | Found Igomamor's Book Shop.
 88789 | Elf:3    | Found Zigut's Magic Scroll Shop.
 88789 | Elf:3    | Found Lusot's Antique Weapon Boutique.
 88795 | Elf:3    | Found Nysmocwyid's Assorted Antiques.
 88798 | Elf:3    | Bought a scroll of teleportation for 36 gold pieces
 88801 | Elf:3    | Bought a scroll of teleportation for 105 gold pieces
 89074 | Elf:3    | Identified the ring "Dekaipou" {rElec rF+ rN+++ Dex+2
                  | Stlth-}
 89243 | Elf:3    | Reached skill level 21 in Fire Magic
 89490 | Elf:3    | Found the +6 arbalest "Damnation" {damnation}
 89523 | Elf:3    | Found the +2 ratskin cloak {*Rats rPois rN+ Str-1 Int-1
                  | Dex+1}
 89654 | Elf:3    | Learned a level 8 spell: Ignition
 89977 | Crypt:1  | Entered Level 1 of the Crypt
 90537 | Crypt:1  | Received a gift from Sif Muna
 90621 | Crypt:1  | Got Yschye's Essays on Fetching Metal {god gift}
 90718 | Crypt:1  | Reached skill level 22 in Fire Magic
 90933 | Crypt:1  | Found a basalt altar of Yredelemnul.
 92067 | Crypt:2  | Reached skill level 23 in Fire Magic
 92785 | Zot:1    | Entered Level 1 of the Realm of Zot
 92913 | Zot:1    | Noticed an electric golem
 93048 | Zot:1    | Killed an electric golem
 93181 | Zot:1    | Reached skill level 24 in Fire Magic
 93354 | Zot:1    | Acquired 988 gold pieces
 93732 | Zot:1    | Noticed a curse toe
 93739 | Zot:1    | Killed a curse toe
 94345 | Zot:2    | Noticed an orb of fire
 94350 | Zot:2    | Gained mutation: Your magical capacity is low. (-10% MP)
                  | [an orb of fire]
 94351 | Zot:2    | Killed an orb of fire
 94557 | Zot:2    | Reached skill level 25 in Fire Magic
 94582 | Zot:2    | Upgraded the game from 0.31-a0-1620-gcbf77bbcfc to
                  | 0.31-a0-1626-g5cb510d322
 95734 | Zot:3    | Reached XP level 26. HP: 187/204 MP: 5/37
 96743 | Zot:3    | Reached skill level 26 in Fire Magic
 97125 | Zot:3    | Noticed an electric golem
 97257 | Zot:3    | Killed an electric golem
 98060 | Zot:4    | Noticed Parghit
 98217 | Zot:4    | Noticed a curse toe
 99236 | Zot:4    | Killed a curse toe
 99237 | Zot:4    | Reached skill level 27 in Fire Magic
 99366 | Zot:4    | Killed Parghit
 99894 | Zot:5    | Entered Level 5 of the Realm of Zot
100526 | Zot:5    | Noticed an electric golem
100543 | Zot:5    | Reached skill level 20 in Conjurations
100550 | Zot:5    | Killed an electric golem
100721 | Zot:5    | Noticed a dread lich
100727 | Zot:5    | Killed a dread lich
100834 | Zot:5    | Noticed a Killer Klown
100838 | Zot:5    | Killed a Killer Klown
100875 | Zot:5    | Noticed an orb of fire
100879 | Zot:5    | Gained mutation: You occasionally shout uncontrollably at
                  | your foes. [an orb of fire]
100888 | Zot:5    | Killed an orb of fire
101006 | Zot:5    | Reached skill level 21 in Conjurations
101157 | Zot:5    | Noticed an orb of fire
101158 | Zot:5    | Gained mutation: Armour fits poorly on your strangely
                  | shaped body. [an orb of fire]
101161 | Zot:5    | Killed an orb of fire
101457 | Zot:5    | Noticed an ancient lich
101467 | Zot:5    | Killed an ancient lich
101469 | Zot:5    | Noticed a Killer Klown
101476 | Zot:5    | Killed a Killer Klown
101680 | Zot:5    | Learned a level 6 spell: Bombard
101692 | Zot:5    | Noticed an orb of fire
101698 | Zot:5    | Killed an orb of fire
101699 | Zot:5    | Reached skill level 2 in Earth Magic
101699 | Zot:5    | Lost mutation: You occasionally shout uncontrollably at
                  | your foes. [potion of mutation]
101699 | Zot:5    | Lost mutation: Armour fits poorly on your strangely shaped
                  | body. [potion of mutation]
101699 | Zot:5    | Gained mutation: You have large cloven feet. [potion of
                  | mutation]
101699 | Zot:5    | Gained mutation: You are strong-willed. (Will+) [potion of
                  | mutation]
101700 | Zot:5    | Lost mutation: You have large cloven feet. [potion of
                  | mutation]
101700 | Zot:5    | Lost mutation: You are strong-willed. (Will+) [potion of
                  | mutation]
101700 | Zot:5    | Lost mutation: Your magical capacity is low. (-10% MP)
                  | [potion of mutation]
101700 | Zot:5    | Gained mutation: Your body sometimes deteriorates upon
                  | taking damage. [potion of mutation]
101700 | Zot:5    | Gained mutation: You are strong-willed. (Will+) [potion of
                  | mutation]
101701 | Zot:5    | Lost mutation: You are strong-willed. (Will+) [potion of
                  | mutation]
101701 | Zot:5    | Lost mutation: Your body sometimes deteriorates upon taking
                  | damage. [potion of mutation]
101701 | Zot:5    | Gained mutation: Your mind is acute. (Int +4, Str/Dex -1)
                  | [potion of mutation]
101701 | Zot:5    | Gained mutation: You do not regenerate when monsters are
                  | visible. [potion of mutation]
101701 | Zot:5    | Gained mutation: Your muscles are strong. (Str +4, Int/Dex
                  | -1) [potion of mutation]
101702 | Zot:5    | Lost mutation: Your muscles are strong. (Str +4, Int/Dex
                  | -1) [potion of mutation]
101702 | Zot:5    | Lost mutation: You do not regenerate when monsters are
                  | visible. [potion of mutation]
101702 | Zot:5    | Lost mutation: Your mind is acute. (Int +4, Str/Dex -1)
                  | [potion of mutation]
101702 | Zot:5    | Gained mutation: You occasionally lose the ability to read
                  | scrolls when taking damage. [potion of mutation]
101702 | Zot:5    | Gained mutation: You are robust. (+10% HP) [potion of
                  | mutation]
101703 | Zot:5    | Lost mutation: You occasionally lose the ability to read
                  | scrolls when taking damage. [potion of mutation]
101703 | Zot:5    | Lost mutation: You are robust. (+10% HP) [potion of
                  | mutation]
101703 | Zot:5    | Gained mutation: You have large cloven feet. [potion of
                  | mutation]
101703 | Zot:5    | Gained mutation: You are clumsy. (Dex -2) [potion of
                  | mutation]
102262 | Elf:3    | Bought a potion of mutation for 280 gold pieces
102262 | Elf:3    | Lost mutation: You have large cloven feet. [potion of
                  | mutation]
102262 | Elf:3    | Lost mutation: You are clumsy. (Dex -2) [potion of
                  | mutation]
102262 | Elf:3    | Gained mutation: Armour fits poorly on your strangely
                  | shaped body. [potion of mutation]
102262 | Elf:3    | Gained mutation: You are partially covered in iridescent
                  | scales. (AC +2) [potion of mutation]
102662 | Zot:5    | Noticed an ancient lich
102673 | Zot:5    | Killed an ancient lich
102674 | Zot:5    | Reached skill level 3 in Earth Magic
102674 | Zot:5    | Reached XP level 27. HP: 210/210 MP: 17/42
102827 | Zot:5    | Reached skill level 4 in Earth Magic
102980 | Zot:5    | Noticed an electric golem
102986 | Zot:5    | Killed an electric golem
103132 | Zot:5    | Reached skill level 5 in Earth Magic
103384 | Zot:5    | Reached skill level 6 in Earth Magic
103654 | Zot:5    | Got the Orb of Zot
103666 | Zot:5    | Reached skill level 7 in Earth Magic
103728 | Zot:5    | Noticed a dread lich
103736 | Zot:5    | Killed a dread lich
103737 | Zot:5    | Reached skill level 8 in Earth Magic
104095 | D:7      | Noticed Olitauk the pandemonium lord
104348 | D:$      | Escaped with the Orb!

Vanquished Creatures
  4 dread liches
  6 ancient liches
  Mennas (Depths:4)
  4 orbs of fire
  Mara (Vaults:5)
  Xtahua (Vaults:5)
  Parghit (Zot:4)
  3 Killer Klowns (Zot:5)
  2 caustic shrikes (Depths:3)
  2 curse toes
  9 golden dragons
  A profane servitor (D:10)
  Nikola (Elf:1)
  A Brimstone Fiend (D:3)
  4 electric golems
  2 bone dragons
  Zenata (Elf:3)
  20 tentacled monstrosities
  Rupert (D:12)
  An Ice Fiend (Zot:5)
  3 liches
  22 Orb Guardians (Zot:5)
  4 deep elf blademasters (Elf:3)
  A Hell Sentinel (Zot:2)
  3 walking frostbound tomes
  5 sphinxes
  2 titans (Vaults:5)
  A deep elf master archer (Elf:3)
  5 quicksilver dragons
  A kraken (Shoals:1)
  2 ancient champions
  8 death cobs
  4 tengu reavers
  7 storm dragons
  11 shadow dragons
  6 draconian monks
  A revenant (Crypt:1)
  Aizul (Snake:1)
  2 draconian knights
  Ilsuiw (Shoals:3)
  Donald (Shoals:2)
  6 protean progenitors
  2 iron dragons
  4 draconian shifters
  12 frost giants
  A draconian scorcher (Zot:4)
  16 vault wardens
  10 deep elf sorcerers
  8 fire giants
  4 deep elf elementalists (Elf:3)
  A ghoul (Crypt:1)
  A draconian stormcaller (Zot:5)
  2 reapers
  2 orc warlords
  A spriggan defender (Depths:3)
  17 ironbound preservers
  2 broodmothers (Zot:3)
  12 very ugly things
  5 draconian annihilators
  12 stone giants
  2 formless jellyfish
  5 deep elf death magi
  7 ironbound thunderhulks
  A juggernaut skeleton (Crypt:1)
  A caustic shrike skeleton (Crypt:1)
  5 green draconians
  8 vampire knights
  6 deep elf demonologists (Elf:3)
  6 black draconians
  10 white draconians
  6 spark wasps
  15 deep elf annihilators
  3 war gargoyles
  An acid blob zombie (Crypt:1)
  5 red draconians
  Azrael (D:12)
  6 yellow draconians
  7 dire elephants
  A green death (Depths:1)
  15 ettins
  A blizzard demon (D:2)
  9 purple draconians
  An eidolon (Crypt:1)
  7 merfolk javelineers (Shoals:4)
  4 fire dragons
  7 jiangshi
  2 entropy weavers
  2 crystal guardians (Vaults:3)
  6 merfolk impalers
  8 deep elf high priests
  A great orb of eyes (Vaults:3)
  34 vault guards
  15 yaktaur captains
  A rakshasa (Depths:3)
  3 peacekeepers
  2 hydras
  5 ice dragons
  7 ogre magi
  3 catoblepae
  The ghost of Sirjeffry24 the Executioner, a journeyman HOFi of Beogh (D:12)
  2 merfolk avatars
  10 ironbound frosthearts
  9 anacondas
  A fenstrider witch skeleton (Crypt:2)
  Erica (D:9)
  A boulder beetle (shapeshifter) (Vaults:5)
  4 centaur warriors
  4 spriggan air magi
  7 merfolk aquamancers
  2 alligator snapping turtles
  21 dancing weapons
  2 two-headed ogres (shapeshifter) (Vaults:5)
  4 salamander tyrants
  7 naga warriors
  3 tengu warriors
  12 death yaks
  2 vampire magi
  4 boulder beetles
  3 deep troll earth magi
  12 two-headed ogres
  4 satyrs (Shoals:4)
  An orc high priest (Orc:2)
  3 deep troll shamans
  5 shock serpents
  Urug (D:12)
  11 naga sharpshooters
  A quicksilver ooze zombie (Crypt:1)
  11 deep elf knights
  An occultist (Depths:2)
  8 hell knights
  7 spriggan berserkers
  14 sea snakes
  2 sun demons
  6 salamander mystics
  A sixfirhy (Depths:4)
  2 sea snakes (shapeshifter)
  A swamp dragon (shapeshifter) (Depths:2)
  Lodul (D:11)
  5 flayed ghosts
  6 skysharks
  3 glowing orange brains
  10 skeletal warriors
  A death drake (shapeshifter) (D:15)
  5 mana vipers
  2 iron trolls
  42 harpies
  8 arcanists
  13 deep elf archers
  36 deep trolls
  8 naga ritualists
  22 ironbound convokers
  26 deep elf pyromancers
  The ghost of Azoth the Cudgeller, a novice DrFi (D:6)
  The ghost of MisterAzrael the Grappler, a novice TrSh (D:6)
  11 lindwurms
  The ghost of CougarLife the Shield-Bearer, a novice GnFi of Okawaru (D:6)
  18 deep elf zephyrmancers
  2 orc knights
  10 phantasmal warriors
  3 necromancers
  28 fauns
  A shining eye (shapeshifter) (Depths:3)
  2 orc sorcerers
  10 salamanders
  21 ugly things
  A faun (shapeshifter) (Depths:3)
  9 cyclopes
  19 manticores
  2 fire giant skeletons (Vaults:3)
  22 moths of wrath
  5 human skeletons
  2 stone giant skeletons (Vaults:3)
  2 guardian serpents
  A kobold blastminer (Orc:2)
  3 apocalypse crabs (Shoals:1)
  A jorogumo skeleton (Crypt:2)
  34 black mambas
  10 water nymphs
  19 vault sentinels
  A smoke demon (D:3)
  13 merfolk sirens
  13 elephants
  A torpor snail (Lair:5)
  15 naga magi
  A large abomination (D:7)
  An orange demon (Lair:1)
  A torpor snail (shapeshifter) (Vaults:5)
  An elephant slug zombie (Crypt:1)
  A gargoyle (D:11)
  13 cane toads
  24 yaktaurs
  A yellow draconian zombie (Crypt:2)
  3 rime drakes
  2 efreet (D:14)
  An unseen horror (D:13)
  3 freezing wraiths
  An alligator snapping turtle skeleton (Crypt:2)
  3 tormentors
  6 komodo dragons
  4 tengu conjurers
  7 trolls
  A burning bush (Lair:5)
  A green draconian skeleton (Crypt:2)
  4 guardian mummies (Crypt:1)
  24 merfolk
  2 polar bears
  2 wind drakes (Shoals:4)
  A tarantella (shapeshifter) (Vaults:5)
  2 hornets
  A hydra skeleton (Crypt:1)
  3 glass eyes
  A harpy skeleton (Crypt:1)
  7 snapping turtles
  6 blink frogs
  42 slime creatures
  9 dream sheep
  A fire dragon zombie (Crypt:2)
  12 water elementals
  A spriggan (shapeshifter) (D:15)
  2 shadows
  2 wraiths
  3 wyverns (Lair:4)
  A ynoxinul (Depths:4)
  4 spriggans
  An ettin skeleton (Vaults:3)
  19 yaks
  4 fire bats (Lair:5)
  A wyvern (shapeshifter) (D:14)
  7 fire elementals
  A black mamba skeleton (Crypt:1)
  A warg (Orc:1)
  A redback (Vaults:3)
  4 basilisks
  2 steam dragons
  5 vampire mosquitoes
  2 water nymph zombies
  A deep troll zombie (Crypt:1)
  A two-headed ogre zombie (D:12)
  A skyshark zombie (Crypt:2)
  Edmund (D:5)
  31 nagas
  An acid dragon (D:13)
  A water moccasin (shapeshifter) (D:14)
  A glowing shapeshifter skeleton (Vaults:3)
  2 hell hounds (D:12)
  22 water moccasins
  A fire bat skeleton (Crypt:1)
  An ogre skeleton (Vaults:3)
  A swamp drake (Lair:3)
  7 black bears
  17 orc warriors
  4 laughing skulls (Crypt:1)
  31 ogres
  25 wolves
  8 boggarts (Vaults:1)
  7 centaurs
  2 phantoms
  A swamp dragon skeleton (Crypt:1)
  11 bullfrogs
  2 necrophages (Crypt:1)
  5 earth elementals
  3 gnoll sergeants
  3 scorpions
  5 killer bees
  An electric eel (D:8)
  5 howler monkeys
  3 human zombies (Crypt:1)
  6 jellies
  3 bombardier beetles
  8 orc priests
  Jessica (D:3)
  Natasha (D:3)
  11 orc wizards
  4 ogre zombies (D:12)
  A hound zombie (Crypt:1)
  4 mummies (Crypt:1)
  12 gnolls
  23 adders
  2 white imps
  An ufetubus (D:6)
  39 orcs
  16 endoplasms
  3 giant cockroaches
  9 goblins
  4 hobgoblins
  8 jackals
  3 quokkas
  6 ball pythons
  5 bats
  4 frilled lizards
  A gnoll zombie (D:12)
  5 kobolds
  2 orc skeletons (D:12)
  6 orc zombies (D:12)
  8 rats
  4 aspiring fleshes
  A tentacle (Shoals:1)
1824 creatures vanquished.

Vanquished Creatures (collateral kills)
  2 nagarajas
  A merfolk javelineer (Shoals:1)
  A catoblepas (D:14)
  A vault guard (D:14)
  2 hydras
  A centaur warrior (D:13)
  3 two-headed ogres (Orc:2)
  A death yak (Lair:5)
  4 naga sharpshooters
  5 naga warriors
  A skyshark (Lair:1)
  2 skeletal warriors (D:14)
  Amaemon (Lair:1)
  2 salamander mystics
  3 mana vipers
  A naga ritualist (Snake:4)
  An arcanist (D:14)
  6 cyclopes
  A faun (Shoals:2)
  3 manticores
  Maurice (D:11)
  3 salamanders
  A merfolk siren (Shoals:2)
  8 elephants
  5 black mambas
  2 guardian serpents
  A cane toad (Lair:1)
  A water nymph (Shoals:1)
  A torpor snail (Lair:5)
  2 rime drakes (D:11)
  A freezing wraith (D:14)
  3 komodo dragons
  A merfolk (Shoals:1)
  2 tengu conjurers
  2 polar bears
  A troll (Orc:2)
  A blink frog (Lair:2)
  2 slime creatures (D:11)
  A yak (shapeshifter) (D:15)
  A spriggan (Bailey)
  2 wraiths (D:12)
  A vampire (D:14)
  3 wyverns
  A basilisk (Lair:5)
  4 yaks
  A redback (shapeshifter) (D:15)
  A steam dragon (D:6)
  18 nagas
  3 vampire mosquitoes (D:14)
  3 water moccasins
  A meliai simulacrum (D:14)
  2 black bears
  An orc warrior (D:6)
  A centaur (D:8)
  5 ogres
  A wolf (Lair:3)
  2 phantoms
  A kobold brigand (D:9)
  A gnoll sergeant (D:6)
  2 scorpions (D:6)
  5 bullfrogs
  4 wights (D:7)
  A killer bee (D:9)
  3 jellies
  A bombardier beetle (D:6)
  An orc priest (D:7)
  An iguana (D:6)
  An orc wizard (D:14)
  3 ogre zombies (D:12)
  11 gnolls
  5 adders
  A shadow imp (D:8)
  3 white imps
  5 ufetubi
  8 orcs
  3 endoplasms
  A gnoll zombie (D:12)
  A kobold (D:4)
  A gnoll skeleton (D:12)
  2 orc skeletons (D:12)
  11 orc zombies (D:12)
  A fulminant prism (Snake:4)
209 creatures vanquished.

Vanquished Creatures (others)
  A deep elf demonologist (Elf:3)
  A water elemental (Elf:3)
  An orc zombie (D:12)
  163 fulminant prisms
  5 tentacles (Shoals:1)
171 creatures vanquished.

Grand Total: 2204 creatures vanquished

Table legend: (Time is in decaauts)
 A = Elapsed time spent in this place.
 B = Non-inter-level travel time spent in this place.
 C = Inter-level travel time spent in this place.
 D = Time resting spent in this place.
 E = Time spent auto-exploring this place.
 F = Levels seen in this place.
 G = Mean time per level.
                   A        B        C        D        E       F      G
               +--------+--------+--------+--------+--------+-----+--------+
         Total | 113123 | 103329 |   9794 |  28429 |  59170 |  51 | 2218.1 |
       Dungeon |  26558 |  23187 |   3371 |   3749 |  15747 |  15 | 1770.5 |
        Temple |      1 |      1 |      0 |      0 |      0 |   1 |    1.0 |
          Lair |  14415 |  12988 |   1427 |   3638 |   7655 |   5 | 2883.0 |
        Shoals |   9909 |   9489 |    420 |   4828 |   3500 |   4 | 2477.2 |
     Snake Pit |   9466 |   8959 |    507 |   2679 |   4739 |   4 | 2366.5 |
  Orcish Mines |   5155 |   4530 |    625 |   2813 |   1181 |   2 | 2577.5 |
   Elven Halls |   6157 |   5592 |    565 |   1927 |   2772 |   3 | 2052.3 |
        Vaults |  16441 |  15361 |   1080 |   2116 |  10647 |   5 | 3288.2 |
         Crypt |   2726 |   2652 |     74 |    371 |   1955 |   2 | 1363.0 |
        Depths |  10980 |  10227 |    753 |   1797 |   7017 |   4 | 2745.0 |
           Zot |  10792 |   9825 |    967 |   4387 |   3717 |   5 | 2158.4 |
        Bailey |    520 |    520 |      0 |    122 |    237 |   1 |  520.0 |
               +--------+--------+--------+--------+--------+-----+--------+

Top non-repeatable levels by time:
  Lair:3: 3999 daAuts
Vaults:2: 3956 daAuts
Vaults:1: 3633 daAuts
Vaults:3: 3422 daAuts
   Orc:2: 3335 daAuts
  Lair:2: 3264 daAuts
   Zot:3: 3260 daAuts
Depths:4: 3130 daAuts
   Zot:5: 3130 daAuts
Shoals:3: 3127 daAuts
    D:12: 3010 daAuts
    D:14: 2969 daAuts
 Snake:4: 2899 daAuts
  Lair:4: 2898 daAuts
Vaults:5: 2856 daAuts

Table legend:
 A = Non-vault XP
 B = Vault XP
 C = Vault XP percentage of total XP
 D = Non-vault monster count
 E = Vault monster count
 F = Vault count percentage of total count
                 A         B        C        D         E       F
            +---------+---------+-------+---------+---------+-------
      Total |  690589 |  555457 |  44.6 |    1305 |     708 |  35.2
            +---------+---------+-------+---------+---------+-------
        D:1 |      26 |       0 |   0.0 |      18 |       0 |   0.0
        D:2 |      55 |       0 |   0.0 |      20 |       0 |   0.0
        D:3 |     198 |      74 |  27.2 |      25 |       2 |   7.4
        D:4 |     261 |     196 |  42.9 |      15 |       5 |  25.0
        D:5 |     435 |     162 |  27.1 |       9 |       1 |  10.0
        D:6 |    1157 |    1908 |  62.3 |      24 |       3 |  11.1
        D:7 |    1662 |       8 |   0.5 |      35 |       4 |  10.3
        D:8 |    2186 |     901 |  29.2 |      16 |      24 |  60.0
        D:9 |    2204 |    2269 |  50.7 |      19 |       9 |  32.1
       D:10 |    1139 |     116 |   9.2 |      13 |       1 |   7.1
       D:11 |    6746 |    2704 |  28.6 |      20 |      10 |  33.3
       D:12 |    1856 |    7339 |  79.8 |       6 |      46 |  88.5
       D:13 |    3926 |       0 |   0.0 |       8 |       0 |   0.0
       D:14 |    8338 |    4211 |  33.6 |      23 |       6 |  20.7
       D:15 |    5880 |    2569 |  30.4 |      14 |       5 |  26.3
     Lair:1 |    5596 |    1195 |  17.6 |      20 |       2 |   9.1
     Lair:2 |    7114 |       0 |   0.0 |      22 |       0 |   0.0
     Lair:3 |   12625 |    4394 |  25.8 |      34 |      39 |  53.4
     Lair:4 |    8520 |    4406 |  34.1 |      21 |      12 |  36.4
     Lair:5 |   10115 |   12951 |  56.1 |      33 |      27 |  45.0
   Shoals:1 |   20937 |    1402 |   6.3 |      38 |       3 |   7.3
   Shoals:2 |   24745 |    1319 |   5.1 |      50 |       1 |   2.0
   Shoals:3 |   17892 |    2051 |  10.3 |      32 |       2 |   5.9
   Shoals:4 |   23039 |   24727 |  51.8 |      47 |      39 |  45.3
    Snake:1 |    8821 |    8827 |  50.0 |      20 |      17 |  45.9
    Snake:2 |    5397 |       0 |   0.0 |      10 |       0 |   0.0
    Snake:3 |   24744 |    3777 |  13.2 |      49 |       6 |  10.9
    Snake:4 |   20036 |   19875 |  49.8 |      46 |      30 |  39.5
      Orc:1 |    2534 |       0 |   0.0 |      31 |       0 |   0.0
      Orc:2 |    7002 |   16781 |  70.6 |      34 |      39 |  53.4
      Elf:1 |   25255 |    4559 |  15.3 |      37 |       5 |  11.9
      Elf:2 |   21532 |     831 |   3.7 |      34 |       1 |   2.9
      Elf:3 |    8196 |   52427 |  86.5 |      16 |      46 |  74.2
   Vaults:1 |   17526 |   37147 |  67.9 |      36 |      55 |  60.4
   Vaults:2 |   22079 |   13721 |  38.3 |      38 |      20 |  34.5
   Vaults:3 |   25765 |   21271 |  45.2 |      37 |      32 |  46.4
   Vaults:4 |   16139 |   16712 |  50.9 |      22 |      21 |  48.8
   Vaults:5 |   15997 |  121715 |  88.4 |      19 |      98 |  83.8
    Crypt:1 |   21582 |    3482 |  13.9 |      47 |       4 |   7.8
    Crypt:2 |   11660 |       0 |   0.0 |      19 |       0 |   0.0
   Depths:1 |   27735 |       0 |   0.0 |      34 |       0 |   0.0
   Depths:2 |   20275 |    9112 |  31.0 |      21 |       8 |  27.6
   Depths:3 |   26213 |   31604 |  54.7 |      26 |      21 |  44.7
   Depths:4 |   35886 |   22761 |  38.8 |      38 |      16 |  29.6
      Zot:1 |   15098 |    2816 |  15.7 |      13 |       2 |  13.3
      Zot:2 |   30145 |       0 |   0.0 |      22 |       0 |   0.0
      Zot:3 |   58810 |       0 |   0.0 |      44 |       0 |   0.0
      Zot:4 |   28786 |    3125 |   9.8 |      24 |       1 |   4.0
      Zot:5 |   26724 |   87924 |  76.7 |      26 |      37 |  58.7
     Bailey |       0 |    2088 | 100.0 |       0 |       8 | 100.0
            +---------+---------+-------+---------+---------+-------
